 Dungeon Crawl Stone Soup version 0.27.1-15-g792fb953b9 (webtiles) character file.

Game seed: 3899823935771559242

138 bellerephron the Chopper (level 5, -6/39 HPs)
             Began as a Demonspawn Gladiator on Nov 20, 2021.
             Mangled by a wyvern skeleton (10 damage)
             ... on level 6 of the Dungeon.
             The game lasted 00:04:52 (2152 turns).

bellerephron the Chopper (Demonspawn Gladiator)     Turns: 2152, Time: 00:04:52

Health: -6/39      AC:  6    Str: 16    XL:     5   Next: 1%
Magic:  5/5        EV: 13    Int:  9    God:
Gold:   88         SH:  0    Dex: 14    Spells: 4/4 levels left

rFire    . . .     SeeInvis .   a - +0 war axe
rCold    . . .     Faith    .   (no shield)
rNeg     . . .     Spirit   .   n - +0 scale mail
rPois    .         Reflect  .   (helmet restricted)
rElec    .         Harm     .   (no cloak)
rCorr    .         Rampage  .   (no gloves)
Will     .....                  (no boots)
Stlth    ..........             (no amulet)
HPRegen  0.13/turn              (no ring)
MPRegen  0.09/turn              (no ring)

@: no status effects
A: antennae 1, repulsion field 2
a: no special abilities


You were on level 6 of the Dungeon.
You visited 1 branch of the dungeon, and saw 4 of its levels.

You collected 88 gold pieces.

Inventory:

Hand Weapons
 a - a +0 war axe (weapon)
Missiles
 d - 3 throwing nets (quivered)
 k - 4 silver javelins
Armour
 b - a +0 leather armour
 c - a +0 helmet
 n - a +0 scale mail (worn)
Scrolls
 f - a scroll of enchant armour {unknown}
 g - a scroll of teleportation {unknown}
 i - 4 scrolls of identify {unknown}
 l - a scroll of magic mapping {unknown}
Potions
 e - a potion of heal wounds {unknown}
 h - a potion of flight {unknown}
 j - 2 potions of curing {unknown}
 m - a potion of magic {unknown}


   Skills:
 + Level 2.6 Fighting
 + Level 4.3 Axes
 + Level 1.8 Throwing
 + Level 1.2 Armour
 + Level 3.1 Dodging


You had 4 spell levels left.
You didn't know any spells.
Your spell library was empty.

Dungeon Overview and Level Annotations

Branches:
Dungeon (3/15)

Altars:


Innate Abilities, Weirdness & Mutations

You have a pair of small antennae on your head.
You are surrounded by a moderate repulsion field. (EV +3)


Message History

Your Axes skill increases to level 4!
Your Armour skill increases to level 1!
You have reached level 5!
Your demonic ancestry asserts itself...
Your repulsive radiation grows stronger.
There is a shaft here.
You fall into a shaft and drop 3 floors!
The shaft crumbles and collapses.
Found an escape hatch in the ceiling.
Unknown command.
Found a golden potion.
The wyvern skeleton bites you.
Unknown command.
You barely miss the wyvern skeleton. The wyvern skeleton misses you.
The wyvern skeleton closely misses you.
You hit the wyvern skeleton.
The wyvern skeleton is lightly damaged.
The wyvern skeleton closely misses you. The wyvern skeleton barely misses you.
You barely miss the wyvern skeleton.
The wyvern skeleton is lightly damaged.
The wyvern skeleton closely misses you.
You slash the wyvern skeleton!
The wyvern skeleton is moderately damaged.
The wyvern skeleton bites you!
* * * LOW HITPOINT WARNING * * *
The wyvern skeleton misses you.
You barely miss the wyvern skeleton.
The wyvern skeleton is moderately damaged.
The wyvern skeleton closely misses you. The wyvern skeleton misses you.
You slash the wyvern skeleton!
The wyvern skeleton is severely damaged.
The wyvern skeleton misses you.
You slash the wyvern skeleton!
The wyvern skeleton is almost destroyed.
The wyvern skeleton bites you!
* * * LOW HITPOINT WARNING * * *
The wyvern skeleton bites you but does no damage.
You barely miss the wyvern skeleton.
The wyvern skeleton is almost destroyed.
The wyvern skeleton bites you!
You die...

##############
#............#
#............#
#............#
#............#
#........@...#
#.........Z..#
#............#
#........<...#
#............#
#.......!....#
......#######
.....


You could see a wyvern skeleton.

Vanquished Creatures
  A gnoll sergeant (D:3)
  2 adders (D:2)
  A worm (D:2)
  2 dart slugs (D:2)
  2 ball pythons (D:2)
  5 bats
  4 endoplasms
  3 giant cockroaches
  2 goblins (D:1)
  5 hobgoblins
  5 jackals
  4 quokkas
  6 frilled lizards
  3 kobolds
  5 rats
50 creatures vanquished.

Vanquished Creatures (others)
  2 plants (D:3)
2 creatures vanquished.

Grand Total: 52 creatures vanquished

Notes
Turn   | Place    | Note
-------+----------+-------------------------------------------
     0 | D:1      | bellerephron the Demonspawn Gladiator began the quest for
                  | the Orb.
     0 | D:1      | Reached XP level 1. HP: 16/16 MP: 1/1
   139 | D:1      | Reached skill level 3 in Axes
   142 | D:1      | Gained mutation: You have a pair of small antennae on your
                  | head. [demonic ancestry]
   142 | D:1      | Reached XP level 2. HP: 21/22 MP: 2/2
   824 | D:1      | Gained mutation: You are surrounded by a mild repulsion
                  | field. (EV +2) [demonic ancestry]
   824 | D:1      | Reached XP level 3. HP: 25/27 MP: 3/3
   838 | D:1      | You fall into a shaft and drop 1 floor!
  1749 | D:2      | Reached XP level 4. HP: 33/34 MP: 4/4
  2098 | D:3      | Noticed a gnoll sergeant
  2134 | D:3      | Killed a gnoll sergeant
  2135 | D:3      | Reached skill level 4 in Axes
  2135 | D:3      | Reached skill level 1 in Armour
  2135 | D:3      | Gained mutation: You are surrounded by a moderate repulsion
                  | field. (EV +3) [demonic ancestry]
  2135 | D:3      | Reached XP level 5. HP: 19/39 MP: 5/5
  2141 | D:3      | You fall into a shaft and drop 3 floors!
  2152 | D:6      | Mangled by a wyvern skeleton

Illustrated notes

Levels and vault maps discovered:
D:1:      dpeg_chamrin_arrival_tetris, layout_rooms
D:2:      layout_basic
D:3:      minmay_inner_zag, layout_loops_corners, serial_forest,
          infiniplex_forest_lined_ring, infiniplex_forest_straight_3,
          infiniplex_forest_lined_corner, infiniplex_forest_clump_diagonal,
          infiniplex_forest_clump_small, infiniplex_forest_pool,
          infiniplex_forest_end_3, infiniplex_forest_clump_medium,
          serial_bayou_pond_d, uniq_ijyb, uniq_robin
D:6:      layout_gridville, amcnicky_mini_pool_small, nrook_campfire,
          minmay_misc_feat_iff, uniq_pikel

Skill      XL: |  1  2  3  4 |
---------------+-------------+-----
Axes           | 3 4 |  4.3
Dodging        | 3 |  3.1
Armour         | 1 |  1.2
Fighting       | |  2.6
Throwing       | |  1.8

Action                   |  1- 3 |  4- 6 || total
-------------------------+-------+-------++-------
Melee: War axe           |   120 |    25 ||   145
 Stab: Sleeping          |     2 |       ||     2
Armor: Leather armour    |    24 |       ||    24
       Scale mail        |     9 |     5 ||    14
Dodge: Dodged            |    91 |    22 ||   113
